 Dungeon Crawl Stone Soup version 0.19-a0-895-gdbd5520 (webtiles) character file.

18592 Ryco the Unseen (level 12, -5/61 HPs)
             Began as a Spriggan Enchanter on July 4, 2016.
             Was a Believer of Ashenzari.
             Killed by divine providence
             ... invoked by Saint Roka
              (14 damage)
             ... on level 2 of the Orcish Mines.
             The game lasted 01:14:19 (7991 turns).

Ryco the Unseen (Spriggan Enchanter)                Turns: 7991, Time: 01:14:19

Health: -5/61      AC: 11    Str:  4    XL:     12   Next: 29%
Magic:  12/27      EV: 22    Int: 17    God:    Ashenzari [**....]
Gold:   961        SH:  0    Dex: 21    Spells: 6 memorised, 9 levels left

rFire  . . .     SeeInvis +     a - +2 dagger (venom)
rCold  . . .     Gourm    .     B - +0 robe {MR+}
rNeg   . . .     Faith    .     (shield restricted)
rPois  .         Spirit   .     p - +2 hat
rElec  .         Dismiss  .     Q - +0 cloak {+Inv} (curse)
rCorr  .         Reflect  .     (gloves unavailable)
SustAt +         Harm     .     (boots unavailable)
MR     +++..                    k - amulet of magic regeneration (curse)
Stlth  ++++++++..               F - +6 ring of protection (curse)
                                j - ring of sustain attributes

@: very quick, extremely resistant to hostile enchantments, extraordinarily
stealthy
A: unfitting armour, see invisible, herbivore 3, speed 3, slow metabolism 2
a: Curse Item, Scrying, Renounce Religion, Evoke Invisibility


You were on level 2 of the Orcish Mines.
You worshipped Ashenzari.
Ashenzari was pleased with you.
You were not hungry.

You visited 3 branches of the dungeon, and saw 15 of its levels.
You also visited: Bailey.

You collected 1081 gold pieces.
You spent 120 gold pieces at shops.

Inventory:

Hand Weapons
 a - a +2 dagger of venom (weapon)
 b - a +2 short sword of protection
 c - a +0 dagger of electrocution
 v - a +0 blowgun
 O - a +0 dagger of speed
Missiles
 w - 20 poisoned needles
Armour
 p - a +2 hat (worn)
 B - a +0 robe of magic resistance (worn)
 Q - a cursed +0 cloak of invisibility (worn)
Jewellery
 j - a ring of sustain attributes (left hand)
 k - a cursed amulet of magic regeneration (around neck)
 y - a +3 amulet of reflection
 F - a cursed +6 ring of protection (right hand)
Wands
 m - a wand of flame (17/48)
 L - a wand of paralysis (6/24)
Scrolls
 g - 6 scrolls of remove curse
 h - 2 scrolls of teleportation
 i - 3 scrolls of enchant weapon
 n - a scroll of enchant armour {unknown}
 q - 2 scrolls of immolation
 z - 2 scrolls of noise {unknown}
 G - 3 scrolls of blinking {unknown}
 I - a scroll of summoning {unknown}
 J - a scroll of fog {unknown}
 M - a scroll of magic mapping {unknown}
Potions
 e - 2 potions of flight
 f - a potion of invisibility
 l - a potion of heal wounds
 o - a potion of lignification
 r - 3 potions of resistance
 t - 4 potions of curing
 u - 3 potions of haste
 x - a potion of brilliance
 A - a potion of cancellation {unknown}
 C - a potion of cure mutation {unknown}
 D - a potion of experience {unknown}
 K - a potion of might {unknown}
 N - a potion of mutation {unknown}
Books
 P - a book of Enchantments

   Spells                             Type                      Level
   a - Cause Fear                     Hexes                        4
   b - Yara's Violent Unravelling     Hexes/Transmutation          5
   c - Silence                        Hexes/Air                    5
   d - Deflect Missiles               Charms/Air                   6
   e - Haste                          Charms                       6
   f - Discord                        Hexes                        8
Miscellaneous
 E - a sack of spiders
Comestibles
 d - 5 bread rations
 s - 7 fruits
 H - 3 slices of pizza


   Skills:
 + Level 6.3 Fighting
 + Level 9.4 Short Blades
 * Level 9.5 Dodging
 - Level 17.1 Stealth
 + Level 10.6 Spellcasting
 - Level 7.5(9.0) Hexes
 + Level 2.2(3.3) Charms
 + Level 1.1(2.1) Air Magic
 * Level 2.5(3.7) Evocations


You had 9 spell levels left.
You knew the following spells:

 Your Spells              Type           Power        Failure   Level  Hunger
a - Ensorcelled Hibernat  Hex/Ice        ###...       1%          2    None
c - Confuse               Hex            #####...     1%          3    None
d - Dazzling Spray        Conj/Hex       ###...       4%          3    None
h - Haste                 Chrm           ###.....     100%        6    ######.
r - Deflect Missiles      Chrm/Air       ###.......   100%        6    ######.
t - Tukima's Dance        Hex            #####...     1%          3    None


Dungeon Overview and Level Annotations

Branches:
Dungeon (12/15)            Temple (1/1) D:6             Orc (2/2) D:10
    Elf (0/3) Orc:2
   Lair: D:8-11

Altars:
Ashenzari
Cheibriados
Dithmenos
Elyvilon
Gozag
Hepliaklqana
Makhleb
Nemelex Xobeh
Okawaru
Pakellas
Qazlal
Ru
Trog
Uskayaw
Xom
Yredelemnul
Zin
The Shining One

Shops:
D:7 !   Orc:1 (   Orc:2 %

Annotations:
Orc:2 Saint Roka


Innate Abilities, Weirdness & Mutations

You are tiny and cannot use many weapons and most armour.
You have supernaturally acute eyesight. (SInv)
You are a herbivore.
You cover ground extremely quickly.
You need consume almost no food.


Message History

Confirm with . or Enter, or press ? or * to list all spells.
Aiming: Tukima's Dance
Press: ? - help, Shift-Dir - straight line, f/p - Saint Roka
Aim: Saint Roka, wielding a great mace of holy wrath and wearing a chain mail (chance to defeat MR: 26%) Saint Roka easily resists.
Saint Roka invokes the aid of Beogh against you.
Beogh smites you!
* * * LOW HITPOINT WARNING * * *
Things that are here:
an uncursed robe; an uncursed dagger You see here an uncursed trident.
Things that are here:
an uncursed plate armour; an orc corpse You see here an uncursed chain mail.
There is a stone staircase leading up here.
You start resting.
Unknown command.
Saint Roka invokes the aid of Beogh against you.
Beogh smites you!
You die...

#...#......###...................
##..........#.............#......
#.........####..........####.....
#......<....##...).......##......
##..........#......#......##...∩.
###..#.....##....###............
####......^...## ##..........#
##....))....# #.........##
#........@.# ........
###...o##### .......* #....[[)##
, ......# ###....#.## ** ###..##
##....[...# * #.##
#.....[).###### ####...##
##......[[#.#.###.#.....#
###.##..#(....#...# ...#
####....o...#...##....


You could see Saint Roka.

Vanquished Creatures
  An orc warlord (Bailey)
  A death knight (D:12)
  An orc high priest (Orc:2)
  The ghost of Haruko the Arsonist, a novice DEFE of Fedhas (D:9)
  A hill giant (D:10)
  An orc sorcerer (Orc:2)
  An orc knight (Orc:1)
  A cyclops (D:11)
  Maurice (Orc:2)
  2 trolls
  4 polar bears (D:10)
  5 slime creatures (D:12)
  Prince Ribbit (D:5)
  The ghost of alcopop the Chiller, an amateur HuIE (D:4)
  4 centaur simulacra (D:10)
  A wraith (D:12)
  20 yaks
  A human (D:11)
  Grum (D:10)
  A hippogriff (D:7)
  3 wargs (Orc:2)
  A water moccasin (D:9)
  2 black bears
  15 orc warriors
  5 phantoms
  6 ice beasts (D:10)
  11 ogres
  3 wolves
  A centaur (D:10)
  6 big kobolds
  5 giant frogs
  A gnoll sergeant (D:10)
  6 killer bees (D:9)
  2 scorpions
  3 wights (D:8)
  2 electric eels (D:10)
  5 howler monkeys
  A crimson imp (D:5)
  2 giant frog zombies
  A quasit (D:5)
  2 centaur skeletons
  8 hounds
  6 orc priests
  7 orc wizards
  3 iguanas
  8 worker ants
  3 sheep (D:11)
  A giant frog simulacrum (D:10)
  A hound zombie (D:10)
  A hound skeleton (D:10)
  A worker ant zombie (D:10)
  Robin (D:4)
  2 gnolls
  7 adders
  2 shadow imps
  3 white imps (D:10)
  3 adder zombies
  2 adder skeletons (D:2)
  2 worms
  3 giant geckos
  30 orcs
  A ball python (D:4)
  4 bats
  3 bat zombies (D:2)
  A giant cockroach (D:1)
  21 goblins
  8 hobgoblins
  2 jackals (D:1)
  4 quokkas
  A giant cockroach zombie (D:2)
  A giant gecko zombie (D:5)
  5 giant newts
  32 kobolds
  A quokka zombie (D:6)
  9 rats
320 creatures vanquished.

Vanquished Creatures (collateral kills)
  A gnoll sergeant (D:10)
  A wight (D:8)
2 creatures vanquished.

Vanquished Creatures (others)
  8 dancing weapons
8 creatures vanquished.

Grand Total: 330 creatures vanquished

Notes
Turn   | Place    | Note
-------+----------+-------------------------------------------
     0 | D:1      | Ryco the Spriggan Enchanter began the quest for the Orb.
     0 | D:1      | Reached XP level 1. HP: 9/9 MP: 5/5
   182 | D:1      | Reached XP level 2. HP: 11/13 MP: 6/6
   186 | D:1      | Learned a level 2 spell: Ensorcelled Hibernation
   336 | D:2      | Noticed Robin
   342 | D:2      | Reached skill level 5 in Stealth
   496 | D:1      | Reached XP level 3. HP: 10/16 MP: 3/8
   501 | D:1      | Learned a level 3 spell: Confuse
  1087 | D:2      | Reached XP level 4. HP: 7/21 MP: 2/10
  1092 | D:2      | Learned a level 3 spell: Tukima's Dance
  1358 | D:4      | Noticed an ogre
  1370 | D:4      | Killed an ogre
  1370 | D:4      | Reached skill level 6 in Stealth
  1370 | D:4      | Reached XP level 5. HP: 19/25 MP: 2/11
  1371 | D:4      | Killed Robin
  1394 | D:4      | Noticed alcopop's ghost (amateur HuIE)
  1565 | D:4      | Killed alcopop's ghost
  1565 | D:4      | Reached skill level 5 in Dodging
  1565 | D:4      | Reached skill level 7 in Stealth
  1565 | D:4      | Reached XP level 6. HP: 25/29 MP: 3/13
  1570 | D:4      | Learned a level 3 spell: Dazzling Spray
  1594 | D:5      | Entered Level 5 of the Dungeon
  1610 | D:5      | Noticed Prince Ribbit
  1617 | D:5      | Killed Prince Ribbit
  1617 | D:5      | Reached skill level 5 in Hexes
  1617 | D:5      | Reached XP level 7. HP: 31/32 MP: 13/15
  1681 | D:6      | Found a staircase to the Ecumenical Temple.
  1694 | Temple   | Entered the Ecumenical Temple
  1794 | Temple   | Became a worshipper of Ashenzari the Shackled
  1924 | D:5      | Reached skill level 8 in Stealth
  1931 | D:5      | Reached skill level 5 in Spellcasting
  2063 | D:4      | Found an iron altar of Okawaru.
  2172 | D:3      | Found a faded altar of an unknown god.
  2793 | D:5      | Reached skill level 9 in Stealth
  2836 | D:7      | Found Yquzxaoz's Distillery.
  2856 | D:7      | Reached XP level 8. HP: 31/37 MP: 1/17
  2880 | D:7      | Bought a potion of invisibility for 120 gold pieces
  3123 | D:9      | Reached skill level 1 in Fighting
  3131 | D:9      | Noticed Haruko's ghost (novice DEFE)
  3168 | D:9      | Reached skill level 5 in Short Blades
  3168 | D:9      | Reached skill level 10 in Stealth
  3202 | D:9      | Killed Haruko's ghost
  3202 | D:9      | Reached XP level 9. HP: 20/42 MP: 7/20
  3215 | D:9      | Found a flagged portal.
  3220 | Bailey   | Entered a bailey
  3309 | Bailey   | Reached * piety under Ashenzari
  3311 | Bailey   | Noticed an orc warlord
  3685 | Bailey   | Found a runed gate.
  3687 | Bailey   | Found a runed gate.
  3689 | Bailey   | Found a runed gate.
  3762 | Bailey   | Killed an orc warlord
  3762 | Bailey   | Reached skill level 11 in Stealth
  3917 | D:10     | Entered Level 10 of the Dungeon
  3954 | D:10     | Noticed Grum
  3970 | D:10     | Reached XP level 10. HP: 33/49 MP: 9/23
  3976 | D:10     | Killed Grum
  4004 | D:10     | Reached skill level 12 in Stealth
  4120 | D:9      | Found a glowing silver altar of Zin.
  4377 | D:10     | Noticed a hill giant
  4419 | D:10     | Killed a hill giant
  4419 | D:10     | Reached skill level 13 in Stealth
  4429 | D:10     | Reached skill level 10 in Spellcasting
  4576 | D:12     | Reached skill level 5 in Fighting
  4605 | D:12     | Reached XP level 11. HP: 54/55 MP: 4/26
  4609 | D:12     | Reached skill level 14 in Stealth
  4997 | D:12     | Noticed a skeletal warrior
  5049 | D:12     | Reached skill level 15 in Stealth
  5335 | D:12     | Noticed a death knight
  5345 | D:12     | Killed a death knight
  5345 | D:12     | Reached skill level 16 in Stealth
  6117 | D:7      | Reached ** piety under Ashenzari
  6583 | D:10     | Found a staircase to the Orcish Mines.
  6671 | D:10     | Reached skill level 17 in Stealth
  6698 | D:10     | Reached XP level 12. HP: 28/61 MP: 3/27
  6766 | D:10     | Learned a level 6 spell: Deflect Missiles
  6773 | D:10     | Learned a level 6 spell: Haste
  6776 | Orc:1    | Entered Level 1 of the Orcish Mines
  7057 | Orc:2    | Entered Level 2 of the Orcish Mines
  7084 | Orc:2    | Reached skill level 1 in Charms
  7090 | Orc:2    | Found Atiomnav's Food Emporium.
  7100 | Orc:2    | Noticed Maurice
  7107 | Orc:2    | Killed Maurice
  7276 | Orc:1    | Reached skill level 1 in Air Magic
  7277 | Orc:1    | Found Qif Vone's Weapon Boutique.
  7503 | Orc:2    | Noticed an orc high priest
  7547 | Orc:2    | Killed an orc high priest
  7547 | Orc:2    | Reached skill level 1 in Evocations
  7661 | Orc:2    | Noticed Saint Roka
  7991 | Orc:2    | Killed from afar by Saint Roka

Vault maps used:
D:1:      dpeg_arrival_chase
D:2:      serial_undead, serial_undead_e, serial_undead_e, serial_undead_d,
          serial_undead_f, serial_undead_e, serial_undead_b, uniq_robin
D:3:      ecumenical_altar_1
D:4:      okawaru_metal_pillars_1_2, first_bread, kennysheep_doodads,
          minmay_a_box_with_orc_wizards_in_it
D:5:      grunt_temple_overflow_magic_moments, st_stairs_10,
          uniq_prince_ribbit1, uniq_edmund
D:6:      ashenzari_altar_1
D:7:      fedhas_altar_decomposition, serial_shops, nicolae_shop_crystal
D:9:      nicolae_overflow_hidden_temple, enter_bailey_3
D:10:     kennysheep_orc_monster_closet_entryway, serial_ice, serial_ice_g,
          serial_ice_f, serial_ice_b, serial_ice_o, serial_ice_a, serial_ice_d,
          serial_ice_l, serial_ice_h, serial_ice_c, serial_ice_e, uniq_grum
D:11:     lair_0_dummy, grunt_livestock
D:12:     minmay_misc_feat_more_columns, nicolae_ru_sacrificial_ziggurat
Temple:   minmay_temple_bridge_d
Orc:1:    serial_shops, nicolae_shop_statue_plus, nicolae_orc_tapped_out
Orc:2:    grunt_orc_cross, serial_shops, shop, uniq_maurice
Bailey:   bailey_axe_bossmonster_kennysheep, bailey

Skill      XL: |  1  2  3  4  5  6  7  8  9 10 11 12 |
---------------+-------------------------------------+-----
Spellcasting   | 3 4 5 7 8 10 | 10.6
Stealth        | 5 6 7 9 10 11 13 17 | 17.1
Dodging        | 4 5 6 7 8 9 |  9.5
Short Blades   | 2 3 4 5 6 7 9 |  9.4
Hexes          | 4 5 6 7 |  7.5
Fighting       | 1 3 5 6 |  6.3
Charms         | 2 |  2.2
Air Magic      | 1 |  1.1
Evocations     | 2 |  2.5

Action                   |  1- 3 |  4- 6 |  7- 9 | 10-12 || total
-------------------------+-------+-------+-------+-------++-------
Melee: Dagger            |    65 |    56 |   222 |   415 ||   758
       Short sword       |    93 |    22 |       |       ||   115
 Cast: Corona            |     3 |       |       |       ||     3
       Ensorcelled Hiber |    19 |    10 |    49 |    48 ||   126
       Confuse           |     6 |     9 |    31 |    85 ||   131
       Dazzling Spray    |       |       |    11 |    23 ||    34
       Tukima's Dance    |       |       |     2 |    54 ||    56
Invok: Curse Item        |       |       |       |     3 ||     3
Evoke: Sack of spiders   |       |       |       |     1 ||     1
       Wand              |       |       |       |     2 ||     2
  Use: Scroll            |       |       |    10 |     3 ||    13
       Potion            |       |       |       |     2 ||     2
 Stab: Sleeping          |    21 |    15 |    40 |    69 ||   145
       Confused          |     4 |     5 |    19 |    42 ||    70
       Invisible         |       |       |     2 |    13 ||    15
       Distracted        |       |       |     1 |     2 ||     3
       Paralysed         |       |       |       |     1 ||     1
  Eat: Bread ration      |       |     1 |       |       ||     1
       Pizza             |       |       |     1 |     5 ||     6
Armor: Robe              |    32 |    14 |    15 |    21 ||    82
Dodge: Dodged            |   196 |    68 |   146 |   237 ||   647
